AoeStats
← Mitch

Scandinavia

510655716Analyzed
1v1 RM · 15h ago on Oct 2, 2026· 39m 25s· 2 players
Game mode
Random Map
Map size
Tiny (2 player)
Population
200
Speed
Normal
Resources
Standard
Victory
Conquest
Starting age
Dark Age
Ending age
Imperial Age
RankedLock teamsTeams togetherTeam positionsShared explorationLock speedFull tech treeHidden civsTurbo modeCheats
Victory
Defeat
🇺🇸 Dravidians · United States
1550
+13
🇺🇸 Saxons · United States
1493
-13
brendansexson
12:55 Feudal Age
11:11 Loom
14:14 Double-Bit Axe
16:32 Castle Age
15:17 Gold Mining
15:11 Fishing Lines
15:41 Fletching
15:53 Padded Archer Armor
17:57 Gillnets
18:29 Bow Saw
19:34 Horse Collar
20:56 Wheelbarrow
20:07 Town Watch
20:36 Heavy Plow
22:59 Bodkin Arrow
27:04 Imperial Age
25:10 Leather Archer Armor
25:12 Scale Barding Armor
26:34 Forging
28:46 Two-Man Saw
29:37 Chain Barding Armor
30:32 Forging
31:27 Scale Mail Armor
32:57 Chain Mail Armor
34:15 Iron Casting
36:07 Elite Urumi Swordsman
37:33 Plate Mail Armor
37:58 Ballistics
38:40 Chemistry
37:59 Devotion
39:33 Conscription
Mitch
8:56 Loom
11:03 Feudal Age
14:56 Castle Age
14:15 Gold Mining
14:11 Double-Bit Axe
14:07 Horse Collar
16:48 Bow Saw
21:53 Wheelbarrow
21:06 Town Watch
22:38 Scale Mail Armor
23:34 Chain Mail Armor
24:09 Fletching
25:42 Bodkin Arrow
26:43 Forging
29:14 Squires
33:37 Imperial Age
31:45 Arson
32:37 Iron Casting
33:03 Hand Cart
34:53 Plate Mail Armor
34:39 Bracer
36:03 Two-Man Saw
35:04 Heavy Plow
35:45 Conscription
34:53 Clerical Recruitment
36:20 Block Printing
37:24 Sanctity
37:30 Clerical Recruitment
39:06 Redemption
Connection lost

Rejoining the realm…

Still unreachable

The connection could not be restored.

Session expired

The server has moved on; the page needs a fresh start.